[Event "FIDE Online Olympiad Top Division 2020"]
[Site "Online"]
[Date "2020.08.22"]
[Round "?"]
[White "Zhu, Jiner"]
[Black "Muetsch, Annmarie"]
[Result "1-0"]
[ECO "B33"]
[WhiteElo "2249"]
[BlackElo "2329"]
[Annotator "ChessBase"]
[PlyCount "95"]
[EventDate "2020.08.21"]
[SourceTitle "playchess.com"]
[Source "ChessBase"]
[SourceQuality "1"]
[TimeControl "900+5"]

1. e4 c5 2. Nf3 Nc6 3. d4 cxd4 4. Nxd4 e5 5. Nb5 d6 6. N1c3 a6 7. Na3 b5 8. Nd5 Nge7 9. Be3 Nxd5 10. exd5 Ne7 11. c4 Nf5 12. Bd2 g6 13. cxb5 Bg7 14. Bc3 O-O 15. Be2 Nh4 16. O-O Qg5 17. g3 Bh6 18. Nc4 f5 19. f4 Qd8 20. fxe5 dxe5 21. gxh4 Bb7 22. Bf3 Qxh4 23. Nxe5 Bf4 24. Qc2 axb5 25. Qf2 Qh6 26. Rfe1 Rad8 27. Rad1 Rfe8 28. Kh1 b4 29. Bd4 Bxd5 30. Bxd5+ Rxd5 31. Ng4 Rxe1+ 32. Qxe1 fxg4 33. Qe8+ Qf8 34. Qxf8+ Kxf8 35. Bg7+ Kxg7 36. Rxd5 Bc1 37. Rd4 Bxb2 38. Rxb4 Ba3 39. Rxg4 Kf6 40. Ra4 Bc5 41. Rc4 Ba3 42. Rc3 Bb4 43. Rb3 Ba5 44. a4 Ke6 45. Rh3 h5 46. Rg3 Kf6 47. Kg2 g5 48. Rb3 1-0

[Event "FIDE Online Olympiad Top Division 2020"]
[Site "Online"]
[Date "2020.08.22"]
[Round "?"]
[White "Schachfine"]
[Black "ama18"]
[Result "0-1"]
[ECO "B23"]
[WhiteElo "2247"]
[BlackElo "2474"]
[Annotator "NA"]
[PlyCount "86"]
[EventDate "2020.08.21"]
[SourceTitle "playchess.com"]
[Source "ChessBase"]
[SourceQuality "1"]
[TimeControl "900+5"]

1. e4 c5 2. Nc3 d6 3. d4 cxd4 4. Qxd4 Nc6 5. Qd2 g6 6. b3 Bh6 7. f4 Nf6 8. Bb2 O-O 9. O-O-O e5 10. g3 Nd4 11. Nge2 Bg4 12. Nxd4 Bxd1 13. Qxd1 exd4 14. Qxd4 Bg7 15. Bg2 Re8 16. Nd5 Nh5 17. Qb4 a5 18. Qxb7 Nf6 19. Nxf6+ Bxf6 20. Rd1 Bxb2+ 21. Kxb2 Qf6+ 22. Kb1 a4 23. Qd5 axb3 24. cxb3 Ra6 25. Qd4 Qe7 26. h4 Rea8 27. Rd2 h5 28. Bf1 Rc6 29. Bc4 Rac8 30. Qd3 Kg7 31. Qd4+ Kg8 32. Qd5 Kg7 33. a4 Qc7 34. Qd4+ Kg8 35. Ka2 Rb8 36. Qd3 Qa5 37. Qd5 Qc7 38. f5 Rc5 39. Qxd6 Rxc4 40. bxc4 Qxc4+ 41. Ka1 Qc3+ 42. Ka2 Qb3+ 43. Ka1 Qb1# 0-1

[Event "FIDE Online Olympiad Top Division 2020"]
[Site "Online"]
[Date "2020.08.22"]
[Round "?"]
[White "Hoang, Thi Bao Tram"]
[Black "Schulze, Lara"]
[Result "0-1"]
[ECO "D02"]
[WhiteElo "2221"]
[BlackElo "2269"]
[Annotator "ChessBase"]
[PlyCount "118"]
[EventDate "2020.08.21"]
[SourceTitle "playchess.com"]
[Source "ChessBase"]
[SourceQuality "1"]
[TimeControl "900+5"]

1. d4 Nf6 2. Nf3 e6 3. Bf4 d5 4. e3 Bd6 5. Bg3 O-O 6. Nbd2 c5 7. c3 Qc7 8. Ne5 Nfd7 9. Ndf3 f6 10. Nxd7 Nxd7 11. Be2 b6 12. O-O Bb7 13. c4 Bxg3 14. hxg3 Kh8 15. Rc1 Rac8 16. cxd5 Bxd5 17. Qa4 Rfd8 18. Rfd1 Qb8 19. Bb5 Nf8 20. dxc5 Rxc5 21. Rxc5 bxc5 22. e4 Bb7 23. Rxd8 Qxd8 24. Qxa7 Bxe4 25. Qxc5 Qd1+ 26. Kh2 Kg8 27. Qe3 Qb1 28. Nd4 Bd5 29. a4 Qxb2 30. Ne2 Qb4 31. Nf4 Bb3 32. Nd3 Qc3 33. Qc5 Qa5 34. Nb4 Bxa4 35. Nc6 Qxb5 36. Ne7+ Kf7 37. Qc7 Qd7 38. Qa5 Kxe7 39. Qc5+ Kf7 40. Qh5+ g6 41. Qh6 Bc6 42. Qe3 Qd5 43. f3 Nd7 44. Qf4 Qh5+ 45. Kg1 Qc5+ 46. Kh2 Qe5 47. Qd2 Nf8 48. Qc1 Qd5 49. Qa3 h5 50. Qa7+ Qd7 51. Qe3 Qd6 52. Kh3 Bd7 53. Qc3 e5+ 54. Kh2 Ne6 55. Qc1 Ng5 56. Qc4+ Kg7 57. Kg1 Qd1+ 58. Kh2 Qd2 59. Kg1 Qd4+ 0-1

[Event "FIDE Online Olympiad Top Division 2020"]
[Site "Online"]
[Date "2020.08.22"]
[Round "?"]
[White "Vogel, Roven"]
[Black "Nguyen, Anh Khoi"]
[Result "1-0"]
[ECO "E14"]
[WhiteElo "2217"]
[BlackElo "2547"]
[Annotator "RC"]
[PlyCount "117"]
[EventDate "2020.08.21"]
[SourceTitle "playchess.com"]
[Source "ChessBase"]
[SourceQuality "1"]
[TimeControl "900+5"]

1. d4 Nf6 2. c4 e6 3. Nf3 b6 4. e3 Bb7 5. Bd3 d5 6. O-O Bd6 7. b3 O-O 8. Nc3 a6 9. Bb2 Nbd7 10. Rc1 Ne4 11. a4 c5 12. cxd5 exd5 13. dxc5 Ndxc5 14. Bb1 Rc8 15. Ne2 a5 16. Nf4 Re8 17. Nh5 Bf8 18. Bd3 Nxd3 19. Qxd3 Nc5 20. Qf5 Ne4 21. Bxg7 Rxc1 22. Nf6+ Kxg7 23. Nxe8+ Qxe8 24. Rxc1 Bd6 25. Nd4 Qe5 26. Qg4+ Kf8 27. g3 h5 28. Qd7 Nc5 29. Qd8+ Kg7 30. Qxd6 Qxd6 31. Nf5+ Kf6 32. Nxd6 Ba6 33. Rc3 Ke6 34. Nb5 Kd7 35. Nd4 Bd3 36. f3 Bg6 37. h3 Kd6 38. Kf2 Nd3+ 39. Ke2 Nc5 40. g4 hxg4 41. hxg4 f6 42. Rc1 Bd3+ 43. Kd2 Ba6 44. Rh1 Nd7 45. Rh8 Bf1 46. Rc8 Ne5 47. Re8 Nd7 48. Re6+ Kc7 49. Kc3 Ba6 50. Kc2 Bf1 51. Kb2 Bd3 52. Ka3 Bf1 53. Nb5+ Kd8 54. Rd6 Bg2 55. Nd4 Kc7 56. Rxd5 Ne5 57. g5 Nxf3 58. Nxf3 Bxf3 59. Rf5 1-0

[Event "FIDE Online Olympiad Top Division 2020"]
[Site "Online"]
[Date "2020.08.24"]
[Round "?"]
[White "Schneider, Jana"]
[Black "Mawire, Rumbidzai"]
[Result "1-0"]
[ECO "B42"]
[WhiteElo "2199"]
[BlackElo "1280"]
[Annotator "ChessBase"]
[PlyCount "57"]
[EventDate "2020.08.21"]
[TimeControl "900+5"]

1. e4 c5 2. Nf3 e6 3. d4 cxd4 4. Nxd4 a6 5. Bd3 Qc7 6. O-O Nf6 7. Qe2 d6 8. c4 Be7 9. Nc3 O-O 10. Bd2 Nbd7 11. b3 b6 12. Rae1 Bb7 13. Kh1 Nc5 14. Bb1 e5 15. Nf5 Bc8 16. Nxe7+ Qxe7 17. Bg5 Qe6 18. Rd1 Bb7 19. Rd2 Rad8 20. Rfd1 Rd7 21. b4 Ncxe4 22. Nxe4 Ne8 23. Be3 Qg6 24. Ng3 Qe6 25. Bf5 Qe7 26. Bxd7 Qxd7 27. f3 f5 28. Bxb6 Qc6 29. c5 1-0

[Event "FIDE Online Olympiad Top Division 2020"]
[Site "Online"]
[Date "2020.08.21"]
[Round "?"]
[White "Chimegdee"]
[Black "Schachfine"]
[Result "0-1"]
[ECO "A17"]
[WhiteElo "2185"]
[BlackElo "2288"]
[Annotator "RC"]
[PlyCount "112"]
[EventDate "2020.08.21"]
[SourceTitle "playchess.com"]
[Source "ChessBase"]
[SourceQuality "1"]
[TimeControl "900+5"]

1. Nf3 Nf6 2. c4 e6 3. Nc3 Bb4 4. Qc2 O-O 5. a3 Bxc3 6. Qxc3 d6 7. e3 e5 8. d3 Nbd7 9. b4 a5 10. Bb2 Nb6 11. Qc2 Bd7 12. b5 c6 13. bxc6 Bxc6 14. Be2 Na4 15. O-O Nxb2 16. Qxb2 Rb8 17. Rfc1 Nd7 18. d4 Re8 19. Qc2 exd4 20. Nxd4 Be4 21. Qd2 Ne5 22. f3 Bc6 23. c5 d5 24. Rab1 Nd7 25. Bb5 Qc7 26. Bd3 Ne5 27. Rb6 Rbc8 28. Bf5 Rcd8 29. Bd3 g6 30. Rcb1 a4 31. Bf1 Nd7 32. Nxc6 bxc6 33. Qd4 Nxb6 34. cxb6 Qb7 35. Qxa4 Ra8 36. Qb3 c5 37. Kf2 Re6 38. a4 d4 39. exd4 cxd4 40. Bc4 Re3 41. Qb5 Qe7 42. b7 Rb8 43. Qc6 Qh4+ 44. Kf1 Qxh2 45. Qc8+ Kg7 46. Qd7 Qh1+ 47. Kf2 Qxb1 48. Qxf7+ Kh6 49. Qf4+ g5 50. Qf6+ Qg6 51. Qxd4 Re7 52. Bd5 Rexb7 53. Be4 Rb2+ 54. Kg3 Qb6 55. Qd7 Qf2+ 56. Kg4 Qxg2+ 0-1

[Event "FIDE Online Olympiad Top Division 2020"]
[Site "Online"]
[Date "2020.08.24"]
[Round "?"]
[White "Muetsch, Annmarie"]
[Black "Yakubbaeva, Nilufar"]
[Result "0-1"]
[ECO "B18"]
[WhiteElo "2170"]
[BlackElo "1950"]
[Annotator "ChessBase"]
[PlyCount "110"]
[EventDate "2020.08.21"]
[TimeControl "900+5"]

1. e4 c6 2. d4 d5 3. Nc3 dxe4 4. Nxe4 Bf5 5. Ng3 Bg6 6. h4 h6 7. Nh3 e6 8. Nf4 Bh7 9. Bc4 Nf6 10. Nfh5 Nbd7 11. Bf4 Nd5 12. Bd2 Qb6 13. Bxd5 cxd5 14. Qg4 g6 15. Nf4 Qxd4 16. Bc3 Bb4 17. Nge2 Bxc3+ 18. bxc3 Qe4 19. Qg3 Rc8 20. Rb1 Nb6 21. O-O O-O 22. Rfe1 Qxc2 23. Rbc1 Qxa2 24. Nd4 Qa3 25. Ndxe6 fxe6 26. Nxg6 Rf6 27. Ne7+ Kf7 28. Nxc8 Nxc8 29. Ra1 Qc5 30. Ra4 Nd6 31. Rf4 Nf5 32. Qh3 h5 33. Qf3 Bg6 34. Qe2 Qc7 35. Ra4 a6 36. Qd2 Nd6 37. Rf4 Qe7 38. Rxf6+ Qxf6 39. Qe3 Nc4 40. Qc5 Qxh4 41. Qc7+ Qe7 42. Qf4+ Kg8 43. Qh6 Qf7 44. f3 Qf6 45. Rb1 b6 46. Ra1 a5 47. Kf2 Kf7 48. Rc1 a4 49. Kg1 a3 50. g4 Qe5 51. Kg2 hxg4 52. fxg4 Ne3+ 53. Kh3 a2 54. Re1 Qh2+ 55. Kxh2 Nxg4+ 0-1

[Event "FIDE Online Olympiad Top Division 2020"]
[Site "Online"]
[Date "2020.08.24"]
[Round "?"]
[White "Vantika, Agrawal"]
[Black "Schneider, Jana"]
[Result "1-0"]
[ECO "D30"]
[WhiteElo "2169"]
[BlackElo "2142"]
[Annotator "ChessBase"]
[PlyCount "109"]
[EventDate "2020.08.21"]
[TimeControl "900+5"]

1. d4 d5 2. c4 e6 3. Nf3 a6 4. Bg5 Be7 5. Bxe7 Nxe7 6. Nbd2 O-O 7. g3 Nd7 8. Bg2 dxc4 9. Nxc4 c5 10. O-O b5 11. Nd6 Rb8 12. dxc5 Nxc5 13. Rc1 Qb6 14. Qd4 Na4 15. b3 Qxd4 16. Nxd4 Nb6 17. e4 Rd8 18. e5 Bd7 19. Rc7 Nbd5 20. Ra7 Ra8 21. Rxa8 Rxa8 22. Rc1 Nc8 23. Bxd5 exd5 24. Rc7 Nxd6 25. exd6 Rd8 26. Ra7 Kf8 27. Rxa6 Rc8 28. Ra7 Ke8 29. f3 f6 30. Kf2 Rc1 31. Ra8+ Bc8 32. Nxb5 Rc2+ 33. Ke3 Kd7 34. Ra7+ Kd8 35. Rxg7 Rxh2 36. Nd4 Rxa2 37. Nc6+ Ke8 38. d7+ Bxd7 39. Re7+ Kf8 40. Rxd7 Ra6 41. Nd4 h5 42. Rxd5 Ra1 43. Rxh5 Re1+ 44. Kd3 Rd1+ 45. Kc4 Rg1 46. g4 Rc1+ 47. Kd5 Rc8 48. b4 Kf7 49. b5 Rd8+ 50. Kc5 Rc8+ 51. Nc6 Ra8 52. b6 Ra1 53. b7 Rc1+ 54. Kb5 Rb1+ 55. Nb4 1-0

[Event "FIDE Online Olympiad Top Division 2020"]
[Site "Online"]
[Date "2020.08.22"]
[Round "?"]
[White "RovenVogel17"]
[Black "AmartuvshinGanzorig"]
[Result "1-0"]
[ECO "E94"]
[WhiteElo "2113"]
[BlackElo "2280"]
[Annotator "NA RC"]
[PlyCount "121"]
[EventDate "2020.08.21"]
[SourceTitle "playchess.com"]
[Source "ChessBase"]
[SourceQuality "1"]
[TimeControl "900+5"]

1. d4 Nf6 2. Nf3 g6 3. c4 Bg7 4. Nc3 O-O 5. e4 d6 6. Be2 Na6 7. O-O e5 8. Be3 Ng4 9. Bg5 Qe8 10. h3 exd4 11. Nd5 f6 12. Bc1 Ne5 13. Nxd4 c6 14. Nc3 Qf7 15. b3 Nc5 16. f4 Ned7 17. b4 Na6 18. a3 Nb6 19. b5 Nb8 20. f5 Nxc4 21. Bf4 Ne5 22. Qc2 Kh8 23. Rad1 Re8 24. Nf3 g5 25. Nxe5 dxe5 26. Be3 Bf8 27. h4 gxh4 28. Rf3 Nd7 29. Rh3 Bc5 30. Qc1 Qg7 31. Bc4 Bxe3+ 32. Qxe3 Nb6 33. Bb3 Bd7 34. a4 cxb5 35. axb5 Rac8 36. Rxh4 Nc4 37. Qh3 a6 38. Nd5 Bxb5 39. Rd3 Rc6 40. Rg3 Qf7 41. Rh6 Rd6 42. Qh4 Rxd5 43. Rxf6 Rd1+ 44. Bxd1 Qd7 45. Bf3 Nd2 46. Qh6 Qe7 47. Rd6 Nxf3+ 48. Rxf3 Rg8 49. Re6 Qg7 50. Qxg7+ Rxg7 51. Rxe5 Bc6 52. f6 Rf7 53. Re6 Kg8 54. Rg3+ Kf8 55. e5 Rd7 56. Rc3 Kf7 57. Rexc6 bxc6 58. Rxc6 Rd5 59. Rc7+ Kf8 60. e6 Rd1+ 61. Kh2 1-0

[Event "FIDE Online Olympiad Top Division 2020"]
[Site "Online"]
[Date "2020.08.24"]
[Round "?"]
[White "Charinda, Kudzanayi"]
[Black "Melamed, Tatjana"]
[Result "0-1"]
[ECO "B48"]
[WhiteElo "1708"]
[BlackElo "2347"]
[Annotator "ChessBase"]
[PlyCount "74"]
[EventDate "2020.08.21"]
[TimeControl "900+5"]

1. e4 c5 2. Nf3 e6 3. d4 cxd4 4. Nxd4 Nc6 5. Nc3 Qc7 6. Be3 a6 7. Qd2 Nf6 8. f3 Ne5 9. Be2 b5 10. Nb3 Bb7 11. g4 h6 12. O-O-O Rc8 13. Kb1 b4 14. Na4 Nxe4 15. fxe4 Bxe4 16. Nac5 Bxh1 17. Rxh1 Be7 18. Rd1 O-O 19. Ne4 d5 20. Ng3 Nc4 21. Bxc4 dxc4 22. Nd4 c3 23. Qf2 Rfd8 24. Rf1 Bg5 25. Bxg5 hxg5 26. Nh5 Rd7 27. Nf6+ gxf6 28. Qxf6 Qd6 29. Qxg5+ Kf8 30. Qh6+ Ke8 31. Qh8+ Qf8 32. Qf6 Rcd8 33. a3 Rxd4 34. axb4 Rd1+ 35. Rxd1 Rxd1+ 36. Ka2 Qxb4 37. Qh8+ Kd7 0-1

[Event "FIDE Online Olympiad Top Division 2020"]
[Site "Online"]
[Date "2020.08.24"]
[Round "?"]
[White "Mwadzura, Roy"]
[Black "Fridman, Daniel"]
[Result "0-1"]
[ECO "B12"]
[WhiteElo "1652"]
[BlackElo "2550"]
[Annotator "ChessBase"]
[PlyCount "80"]
[EventDate "2020.08.21"]
[TimeControl "900+5"]

1. e4 c6 2. d4 d5 3. e5 c5 4. dxc5 Nc6 5. Nf3 Bg4 6. Be2 e6 7. Be3 Nge7 8. Nd4 Bxe2 9. Qxe2 Nxe5 10. Nd2 N7c6 11. c3 Be7 12. O-O O-O 13. b4 Bf6 14. f4 Nxd4 15. Bxd4 Nc6 16. Nf3 b6 17. Bxf6 Qxf6 18. b5 Ne7 19. Ne5 bxc5 20. Nd7 Qxc3 21. Nxf8 Rxf8 22. Rac1 Qb4 23. Qf2 Rc8 24. Rb1 Qa5 25. Rfc1 Qb6 26. a4 h5 27. a5 Qxa5 28. Rxc5 Rxc5 29. Qxc5 Nf5 30. Qc8+ Kh7 31. Qc2 g6 32. Qf2 d4 33. g3 Qc3 34. Qe1 Qd3 35. Qf1 Qe3+ 36. Qf2 Qa3 37. Qe2 Ne3 38. b6 axb6 39. Rxb6 Qc1+ 40. Kf2 Qh1 0-1